 Dungeon Crawl Stone Soup version 0.19.0-19-g8c6edcc (webtiles) character file.

2436 SimpleGeometry the Conjurer (level 9, -7/62 HPs)
             Began as a Demonspawn Wizard on Nov 13, 2016.
             Was a Follower of Dithmenos.
             Mangled by a shadow (23 damage)
             ... created by the darkness of Dithmenos
             ... on level 8 of the Dungeon.
             The game lasted 00:20:09 (7400 turns).

SimpleGeometry the Conjurer (Demonspawn Wizard)     Turns: 7400, Time: 00:20:09

Health: -7/62      AC:  9    Str: 11    XL:     9   Next: 25%
Magic:  16/16      EV: 11    Int: 22    God:    Dithmenos [*.....]
Gold:   537        SH:  3    Dex:  7    Spells: 3 memorised, 12 levels left

rFire  + + .     SeeInvis .     q - +3 short sword (venom)
rCold  . . .     Gourm    .     J - +1 robe "Renes" {rElec rF++ MR+ Dex-4}
rNeg   . . .     Faith    .     E - +0 buckler
rPois  .         Spirit   .     b - +0 hat
rElec  +         Reflect  .     (no cloak)
rCorr  .         Harm     .     (no gloves)
MR     +....                    (no boots)
Stlth  +++.......               (no amulet)
                                C - ring of flight
                                j - +3 ring of protection

@: about to teleport, wreathed by umbra
A: horns 1, thin metallic scales 2, clever 1, nightstalker 1, powered by death 1
a: Renounce Religion, Evoke Flight


You were on level 8 of the Dungeon.
You worshipped Dithmenos.
Dithmenos was aware of your devotion.
You were not hungry.

You visited 2 branches of the dungeon, and saw 9 of its levels.

You collected 537 gold pieces.

Inventory:

Hand Weapons
 e - a +0 dagger of speed
 q - a +3 short sword of venom (weapon)
 t - the +10 spear "Luucaq" {flame, rElec rC- rN+ Int+4}
   (You found it on level 5 of the Dungeon)

   It has been specially enchanted to burn those struck by it, causing extra
   injury to most foes and up to half again as much damage against particularly
   susceptible opponents.
   It affects your intelligence (+4).
   It makes you vulnerable to cold.
   It insulates you from electricity.
   It protects you from negative energy.
   Dithmenos disapproves of the use of such an item.
Armour
 a - a +0 robe
 b - a +0 hat (worn)
 E - a +0 buckler (worn)
 J - the +1 robe "Renes" (worn) {rElec rF++ MR+ Dex-4}
   (You found it on level 7 of the Dungeon)

   It affects your dexterity (-4).
   It greatly protects you from fire.
   It insulates you from electricity.
   It affects your resistance to hostile enchantments.
Jewellery
 j - a +3 ring of protection (left hand)
 x - an uncursed amulet of harm
 C - a ring of flight (right hand)
Wands
 y - a wand of paralysis (8/24)
 B - a wand of flame (13/48)
Scrolls
 g - a scroll of remove curse
 h - 7 scrolls of identify
 s - a scroll of recharging
 F - a scroll of amnesia
Potions
 i - 5 potions of curing
 k - a potion of cure mutation
 l - 2 potions of cancellation {unknown}
 o - a potion of haste {unknown}
 r - a potion of invisibility {unknown}
 z - a potion of magic
 A - a potion of degeneration {unknown}
 G - a potion of lignification
Books
 c - a book of Minor Magic

   Spells                             Type                      Level
   a - Magic Dart                     Conjuration                  1
   b - Blink                          Translocation                2
   c - Call Imp                       Summoning                    2
   d - Repel Missiles                 Charms/Air                   2
   e - Slow                           Hexes                        2
   f - Conjure Flame                  Conjuration/Fire             3
   g - Mephitic Cloud                 Conjuration/Poison/Air       3
Comestibles
 d - 3 bread rations
 f - 5 meat rations
 m - 4 beef jerkies
 H - a slice of pizza
 I - 4 fruits


   Skills:
 + Level 2.5 Fighting
 * Level 6.8 Short Blades
 - Level 1.7 Dodging
 - Level 1.7 Stealth
 + Level 2.6 Shields
 - Level 5.2 Spellcasting
 - Level 7.6 Conjurations
   Level 1.0 Summonings
 - Level 0.8 Translocations


You had 12 spell levels left.
You knew the following spells:

 Your Spells              Type           Power        Failure   Level  Hunger
a - Magic Dart            Conj           ####         1%          1    None
b - Blink                 Tloc           N/A          14%         2    None
c - Mephitic Cloud        Conj/Pois/Air  ###.....     14%         3    ##.....


Dungeon Overview and Level Annotations

Branches:
Dungeon (8/15)             Temple (1/1) D:4            Lair (0/6) D:8

Altars:
Cheibriados
Dithmenos
Elyvilon
Gozag
Kikubaaqudgha
Makhleb
Nemelex Xobeh
Okawaru
Qazlal
Ru
Sif Muna
Trog
Uskayaw
Vehumet
Xom
Yredelemnul
Zin
The Shining One


Innate Abilities, Weirdness & Mutations

You have a pair of small horns on your head.
You are mostly covered in thin metallic scales. (AC +3)
You are slightly more attuned to the shadows.
You regenerate a little health from kills.
Your mind is acute. (Int +2)


Message History

The shadow slips into darkness.
The shadow flickers and vanishes!
Deactivating autopickup; reactivate with Ctrl-A.
There is an open door here.
There is a stone staircase leading down here.
The shadow strikes at you from the darkness!
* * * LOW HITPOINT WARNING * * *
Reactivating autopickup.
You climb downwards. 2 wargs, 2 orcs and 2 orc priests come into view.
Found a scroll of teleportation.
Found a staircase to the Lair.
There is a stone staircase leading up here.
As you read the scroll of teleportation, it crumbles to dust.
You feel strangely unstable.
The shadow slips into darkness.
The shadow flickers and vanishes!
Deactivating autopickup; reactivate with Ctrl-A.
The orc priest shouts!
The shadow strikes at you from the darkness!
You die...

#.. ...#
....
.....
o....###
...P...#
.o...{@+
o>..?..#
.h.h..##
......
.....#
..o..
....#


You could see 2 wargs, 2 orc priests and 2 orcs.

Vanquished Creatures
  Pikel (D:4)
  Prince Ribbit (D:7)
  The ghost of Minion the Chopper, an amateur MiFi of Okawaru (D:4)
  Menkaure (D:7)
  A slave (D:4)
  A sky beast (D:6)
  An ogre (D:5)
  2 centaurs
  2 bullfrogs (D:6)
  A scorpion (D:7)
  5 killer bees (D:3)
  A howler monkey (D:7)
  3 crimson imps
  A centaur zombie (D:7)
  2 bullfrog zombies
  An orc wizard (D:4)
  A centaur skeleton (D:5)
  2 orc priests
  A hound (D:7)
  2 worker ants
  An iguana (D:5)
  A killer bee zombie (D:5)
  A hound skeleton (D:6)
  7 adders
  8 river rats (D:6)
  3 shadow imps
  2 oozes
  4 worms
  3 dart slugs
  5 leopard geckos
  23 orcs
  6 giant cockroaches
  7 goblins
  9 hobgoblins
  20 jackals
  5 quokkas
  5 ball pythons
  5 bats
  4 frilled lizards
  10 kobolds
  A leopard gecko zombie (D:7)
  36 rats
197 creatures vanquished.

Vanquished Creatures (others)
  A frilled lizard (D:4)
1 creature vanquished.

Grand Total: 198 creatures vanquished

Notes
Turn   | Place    | Note
-------+----------+-------------------------------------------
     0 | D:1      | SimpleGeometry the Demonspawn Wizard began the quest for the Orb.
     0 | D:1      | Reached XP level 1. HP: 13/13 MP: 4/4
   123 | D:1      | Reached skill level 2 in Conjurations
   292 | D:1      | Gained mutation: You regenerate a little health from kills. [demonic ancestry]
   292 | D:1      | Reached XP level 2. HP: 19/19 MP: 1/6
   754 | D:1      | Reached skill level 3 in Conjurations
   802 | D:1      | Reached XP level 3. HP: 22/24 MP: 1/7
  1623 | D:2      | Reached XP level 4. HP: 29/30 MP: 2/8
  1818 | D:2      | Reached skill level 4 in Conjurations
  2804 | D:3      | Gained mutation: You are slightly more attuned to the shadows. [demonic ancestry]
  2804 | D:3      | Reached XP level 5. HP: 35/35 MP: 3/9
  2927 | D:3      | Reached skill level 5 in Conjurations
  3026 | D:3      | Found a bloodstained altar of Trog.
  3157 | D:3      | Learned a level 3 spell: Mephitic Cloud
  3161 | D:3      | Learned a level 3 spell: Conjure Flame
  3180 | D:3      | Reached skill level 6 in Conjurations
  3180 | D:3      | Gained mutation: You have a pair of small horns on your head. [demonic ancestry]
  3180 | D:3      | Reached XP level 6. HP: 37/41 MP: 5/10
  3966 | D:4      | Noticed Minion's ghost (amateur MiFi)
  3980 | D:4      | Killed Minion's ghost
  3980 | D:4      | Reached skill level 7 in Conjurations
  3980 | D:4      | Gained mutation: You are partially covered in thin metallic scales. (AC +2) [demonic ancestry]
  3980 | D:4      | Reached XP level 7. HP: 18/46 MP: 4/11
  4388 | D:4      | Noticed Pikel
  4459 | D:4      | Killed Pikel
  4459 | D:4      | Reached XP level 8. HP: 28/52 MP: 1/14
  4670 | D:4      | Found a staircase to the Ecumenical Temple.
  4678 | Temple   | Entered the Ecumenical Temple
  4738 | Temple   | Became a worshipper of Dithmenos the Shadowed
  4956 | D:5      | Entered Level 5 of the Dungeon
  5008 | D:5      | Gained mutation: Your mind is acute. (Int +2) [potion of beneficial mutation]
  5243 | D:5      | Got a fine spear
  5244 | D:5      | Identified the +10 spear "Luucaq" {flame, rElec rC- rN+ Int+4} (You found it on level 5 of the Dungeon)
  5349 | D:5      | Reached skill level 5 in Short Blades
  5616 | D:6      | Reached * piety under Dithmenos
  5616 | D:6      | Reached skill level 5 in Spellcasting
  5789 | D:6      | Found a burning altar of Makhleb.
  6253 | D:6      | Learned a level 2 spell: Blink
  6310 | D:6      | Reached skill level 1 in Fighting
  6315 | D:6      | Reached skill level 1 in Shields
  6550 | D:7      | Reached ** piety under Dithmenos
  6618 | D:7      | Got a warped robe
  6629 | D:7      | Identified the +1 robe "Renes" {rElec rF++ MR+ Dex-4} (You found it on level 7 of the Dungeon)
  6633 | D:7      | Noticed Prince Ribbit
  6642 | D:7      | Noticed Menkaure
  6644 | D:7      | Was placed under penance by Dithmenos
  6843 | D:7      | Gained mutation: You are mostly covered in thin metallic scales. (AC +3) [demonic ancestry]
  6843 | D:7      | Reached XP level 9. HP: 33/60 MP: 16/16
  7072 | D:7      | Killed Menkaure
  7089 | D:7      | Was forgiven by Dithmenos
  7121 | D:7      | Killed Prince Ribbit
  7398 | D:8      | Found a staircase to the Lair.
  7400 | D:8      | Mangled by a shadow

Skill      XL: |  1  2  3  4  5  6  7  8  9 |
---------------+----------------------------+-----
Conjurations   | 2 3 4 6 7 |  7.6
Short Blades   | 3 6 |  6.8
Spellcasting   | 4 5 |  5.2
Fighting       | 1 2 |  2.5
Shields        | 1 2 |  2.6
Dodging        | |  1.7
Stealth        | |  1.7
Summonings     | |  1.0
Translocations | |  0.8

Action                   |  1- 3 |  4- 6 |  7- 9 || total
-------------------------+-------+-------+-------++-------
Melee: Unarmed           |    41 |       |       ||    41
       Dagger            |    77 |    19 |       ||    96
       Short sword       |       |    53 |   309 ||   362
       Headbutt          |       |     2 |    39 ||    41
 Cast: Magic Dart        |    95 |    95 |    14 ||   204
       Mephitic Cloud    |       |     1 |     7 ||     8
       Conjure Flame     |       |     1 |     4 ||     5
Evoke: Wand              |       |       |     2 ||     2
  Use: Potion            |     1 |     2 |     6 ||     9
       Scroll            |       |       |    11 ||    11
 Stab: Sleeping          |       |     3 |    15 ||    18
       Paralysed         |       |       |     6 ||     6
       Confused          |       |       |     1 ||     1
  Eat: Chunk             |     2 |     8 |     3 ||    13
       Bread ration      |       |       |     2 ||     2
Armor: Robe              |    47 |    16 |   118 ||   181
Dodge: Dodged            |    94 |    42 |   215 ||   351
Block: Buckler           |       |       |    28 ||    28
